 Dungeon Crawl Stone Soup version 0.32-a0-128-g77eb882913 (webtiles) character file.

Game seed: 15470866467540834740

22880 pokeman the Eclecticist (level 12, -3/59 HPs)
             Began as a Deep Elf Hedge Wizard on Feb 7, 2024.
             Was an Elder of Vehumet.
             Slain by an unseen horror (4 damage)
             ... on level 12 of the Dungeon on Feb 8, 2024.
             The game lasted 00:46:26 (16211 turns).

pokeman the Eclecticist (Deep Elf Hedge Wizard)    Turns: 16211, Time: 00:46:26

Health: -3/59      AC: 11    Str:  7    XL:     12   Next: 66%
Magic:  27/29      EV: 11    Int: 28    God:    Vehumet [****..]
Gold:   1144       SH:  0    Dex: 14    Spells: 33/46 levels left

rFire   + . .        b - +3 Elemental Staff {ele, rElec rF+ rC+ AC+3}
rCold   + + +        (no shield)
rNeg    . . .        H - +0 acid dragon scales
rPois   .            (no helmet)
rElec   +            (no cloak)
rCorr   +            (no gloves)
SInv    .            c - +0 pair of boots
Will    ++...        G - amulet of the Air {Inacc Air Fly rElec RMsl}
Stlth   ++           B - ring of Sif Muna's Displeasure {rC+ Will+ Int+3}
HPRegen 0.29/turn    e - ring of protection from cold
MPRegen 0.21/turn

%: inaccuracy (-5), repel missiles
@: fragile (+50% incoming damage), flying, very slightly contaminated
A: frail 1, low MP 2, no potion heal 1
a: Renounce Religion


You were on level 12 of the Dungeon.
You worshipped Vehumet.
Vehumet was greatly pleased with you.
You visited 1 branch of the dungeon, and saw 13 of its levels.

You collected 1339 gold pieces.
You spent 195 gold pieces at shops.

Inventory:

Hand Weapons
 a - the +8 whip "Snakebite" {venom, curare, rPois}
   (You found it on level 12 of the Dungeon)

   rPois:     It protects you from poison
 b - the +3 Elemental Staff (weapon) {ele, rElec rF+ rC+ AC+3}
   (You took it off a deep elf pyromancer on level 11 of the Dungeon)

   AC+3:      It affects your AC (+3).
   rF+:       It protects you from fire.
   rC+:       It protects you from cold.
   rElec:     It insulates you from electricity.
 k - the +5 hand axe "Qetzento" {freeze, +Blink rF++ rCorr Int-4}
   (You found it on level 2 of the Dungeon)

   Int-4:     It affects your intelligence (-4).
   rF++:      It greatly protects you from fire.
   +Blink:    It lets you blink.
   rCorr:     It protects you from acid and corrosion.
Missiles
 I - 2 curare-tipped darts
Armour
 c - a +0 pair of boots (worn)
 r - a +0 helmet
 H - +0 acid dragon scales (worn)
 L - a +2 buckler
Magical Staves
 M - a staff of conjuration
 O - a staff of air
Jewellery
 e - a ring of protection from cold (right hand)
 f - an amulet of the acrobat
 j - an amulet of regeneration
 o - an amulet of magic regeneration
 B - the ring of Sif Muna's Displeasure (left hand) {rC+ Will+ Int+3}
   (You found it on level 7 of the Dungeon)

   [ring of protection from cold]

   Int+3:     It affects your intelligence (+3).
   rC+:       It protects you from cold.
   Will+:     It increases your willpower.
 G - the amulet of the Air (around neck) {Inacc Air Fly rElec RMsl}
   (You found it on level 8 of the Dungeon)

   [amulet of nothing]

   Inacc:     It reduces the accuracy of your attacks and spells.
   Air:       It enhances your air magic.
   rElec:     It insulates you from electricity.
   Fly:       It grants you flight.
   RMsl:      It protects you from missiles.
 K - an amulet of faith
 P - an amulet of reflection
Wands
 n - a wand of digging (7)
 z - a wand of flame (19)
 F - a wand of quicksilver (4)
Scrolls
 h - 5 scrolls of identify
 i - 4 scrolls of enchant weapon
 l - 2 scrolls of blinking
 q - 2 scrolls of enchant armour {unknown}
 s - 4 scrolls of immolation
 t - a scroll of brand weapon {unknown}
 u - a scroll of amnesia {unknown}
 v - 4 scrolls of teleportation
 y - 2 scrolls of revelation {unknown}
 C - 4 scrolls of poison {unknown}
 N - a scroll of butterflies {unknown}
Potions
 d - a potion of magic
 g - a potion of enlightenment
 m - a potion of lignification {unknown}
 p - 7 potions of curing {unknown}
 w - a potion of invisibility {unknown}
 x - a potion of attraction {unknown}
 A - 2 potions of cancellation {unknown}
 D - a potion of ambrosia {unknown}
 E - 2 potions of resistance {unknown}
 J - 2 potions of might {unknown}


   Skills:
 + Level 4.2 Fighting
 - Level 5.0 Armour
 - Level 3.0 Dodging
 - Level 3.0 Stealth
 - Level 4.0 Shields
 * Level 17.8 Spellcasting
 + Level 10.6 Conjurations
 - Level 1.1 Summonings
 - Level 1.1 Translocations
 + Level 7.4 Air Magic
 - Level 7.0 Alchemy
 - Level 1.0 Evocations


You had 33 spell levels left.
You knew the following spells:

 Your Spells              Type           Power      Damage    Failure   Level
a - Magic Dart            Conj           100%       1d8       1%          1
b - Mephitic Cloud        Conj/Alch/Air  100%       N/A       1%          3
c - Call Imp              Summ           62%        N/A       3%          2
d - Blink                 Tloc           62%        N/A       3%          2
e - Irradiate             Conj/Alch      32%        3d22      1%          5

Your spell library contained the following spells:

 Spells                   Type           Power      Damage    Failure   Level
 Iskenderun's Mystic Bla  Conj/Tloc      55%        2d12      1%          4
 Apportation              Tloc           62%        N/A       1%          1
 Sting                    Conj/Alch      100%       1d9       1%          1
 Cigotuvi's Dreadful Rot  Necr/Alch/Air  100%       N/A       1%          2
 Mercury Vapours          Alch/Air       100%       N/A       1%          2
 Olgreb's Toxic Radiance  Alch           59%        N/A       1%          4
 Frozen Ramparts          Ice            74%        1d12      2%          3
 Inner Flame              Hex/Fire       37%        N/A       2%          3
 Slow                     Hex            96%        N/A       3%          1
 Jinxbite                 Hex            48%        N/A       4%          2
 Alistair's Intoxication  Alch           39%        N/A       4%          5
 Gell's Gravitas          Tloc           31%        N/A       6%          3
 Teleport Other           Tloc           31%        N/A       6%          3
 Leda's Liquefaction      Alch/Erth      30%        N/A       8%          4
 Petrify                  Alch/Erth      61%        N/A       8%          4
 Metabolic Englaciation   Hex/Ice        18%        N/A       65%         5
 Dispersal                Tloc           15%        N/A       97%         6
 Ignition                 Fire           18%        3d7       100%        8


Dungeon Overview and Level Annotations

Branches:
Dungeon (13/15)            Temple (0/1) D:7            Lair (0/5) D:10
    Orc (0/2) D:9
 Vaults: D:13-14

Altars:
Ashenzari
Cheibriados
Fedhas
Gozag
Hepliaklqana
Kikubaaqudgha
Nemelex Xobeh
Okawaru
Qazlal
Ru
Uskayaw
Vehumet
Yredelemnul
The Shining One
Jiyva

Shops:
D:2 ?   D:3 [:(!   D:5 (!?   D:7 *   D:13 =

Annotations:
D:8 3 runed translucent doors, lunkers's ghost, novice OnGl
D:13 1 transporter


Innate Abilities, Weirdness & Mutations

You are frail. (-10% HP)
Your magical capacity is very low. (-20% MP)
Potions are less effective at restoring your health.


Message History

The stinking cloud engulfs something.
The stinking cloud engulfs you.
You are engulfed in noxious fumes.
You choke on the stench!
You are confused.
Something hits you but does no damage.
You bump into the metal wall.
You are engulfed in noxious fumes.
You choke on the stench!
You are more confused.
Something hits you.
* * * LOW HITPOINT WARNING * * *
Unknown command.
You closely miss something.
You are engulfed in noxious fumes.
You choke on the stench!
You are more confused.
Something hits you but does no damage. x2
You're too confused to cast spells.
You bump into the metal wall.
You are engulfed in noxious fumes.
You choke on the stench!
You are more confused.
Something hits you.
* * * LOW HITPOINT WARNING * * *
Unknown command.
You bump into the metal wall.
You are engulfed in noxious fumes.
You choke on the stench!
You are more confused.
You bump into the metal wall.
Something hits you but does no damage.
You bump into the metal wall.
A glass eye comes into view.
The glass eye gazes at you.
Your body becomes as fragile as glass!
You feel less confused. Something hits you.
* * * LOW HITPOINT WARNING * * *
The glass eye gazes at you.
You feel your fragility will last longer.
Something hits you but does no damage.
Unknown command.
Something hits you!
* * * LOW HITPOINT WARNING * * *
Something hits you.
You die...

..#### . ##....^
..###.....
.......#.###### #
.......#..#...# .#
.........##.#~# #..
. .......>..+.#.# '.
.##.#.......##.#§#G#
.#..#........#.#@†§#
............########
........G....
..............
........#...#.
..<.....#......
..........
..........
..........


You could see a glass eye.

Vanquished Creatures
  Gastronok (D:11)
  2 two-headed ogres (D:12)
  3 boulder beetles
  Lodul (D:11)
  2 skeletal warriors
  2 deep elf pyromancers
  A necromancer (D:9)
  3 manticores (D:12)
  3 cyclopes
  2 gargoyles (D:11)
  Jeremiah (D:6)
  An ice devil (D:11)
  An efreet (D:11)
  10 trolls
  The ghost of LobsterGuardian the Shooter, a novice SpHs (D:5)
  A polar bear (D:9)
  A slime creature (D:12)
  2 shadows
  12 yaks
  A wyvern (D:9)
  A wraith (D:12)
  2 fire elementals (D:11)
  A steam dragon (D:11)
  2 vampire mosquitoes
  A basilisk (D:12)
  8 acid dragons
  3 water moccasins
  4 orc warriors
  2 laughing skulls (D:13)
  2 sky beasts (D:6)
  2 black bears
  10 ogres
  8 centaurs
  3 wolves
  A phantom (D:6)
  2 kobold brigands
  A bullfrog (D:7)
  A gnoll sergeant (D:5)
  3 scorpions
  7 wights
  3 killer bees (D:9)
  13 howler monkeys
  5 hounds (D:10)
  2 jellies
  3 orc priests
  12 orc wizards
  4 iguanas
  2 polar bear simulacra (D:9)
  4 yak simulacra (D:9)
  2 wolf simulacra (D:9)
  2 howler monkey zombies (D:3)
  Robin (D:3)
  4 gnolls (D:3)
  12 adders
  A river rat (D:9)
  A shadow imp (D:4)
  4 white imps
  2 ufetubi (D:5)
  An adder zombie (D:3)
  3 dart slugs
  3 ribbon worms
  39 orcs
  7 ball pythons
  3 endoplasms
  4 giant cockroaches
  14 goblins
  2 hobgoblins
  6 jackals
  6 quokkas
  A ball python zombie (D:3)
  5 bats
  2 frilled lizards
  12 kobolds
  9 rats
  3 river rat simulacra (D:9)
312 creatures vanquished.

Vanquished Creatures (collateral kills)
  A steam dragon (D:11)
  An ice beast (D:6)
  A killer bee (D:9)
  An orc priest (D:3)
  A sleepcap (D:5)
  An ufetubus (D:5)
  An orc (D:3)
  2 goblins (D:3)
9 creatures vanquished.

Vanquished Creatures (others)
  A steam dragon (D:11)
  An orc wizard (D:9)
2 creatures vanquished.

Grand Total: 323 creatures vanquished

Notes
Turn   | Place    | Note
-------+----------+-------------------------------------------
     0 | D:1      | pokeman the Deep Elf Hedge Wizard began the quest for the
                  | Orb.
     0 | D:1      | Reached XP level 1. HP: 10/10 MP: 7/7
   145 | D:1      | Reached XP level 2. HP: 12/15 MP: 1/9
   365 | D:1      | Found a faded altar of an unknown god.
   885 | D:2      | Reached skill level 5 in Spellcasting
  1001 | D:2      | Identified the +5 hand axe "Qetzento" {freeze, +Blink rF++
                  | rCorr Int-4}
  1025 | D:2      | Reached XP level 3. HP: 16/20 MP: 4/11
  1029 | D:2      | Learned a level 3 spell: Mephitic Cloud
  1032 | D:2      | Learned a level 2 spell: Call Imp
  1035 | D:2      | Learned a level 2 spell: Blink
  1345 | D:2      | Found Umoro's Magic Scroll Boutique.
  1389 | D:2      | Bought a scroll of identify for 20 gold pieces
  1389 | D:2      | Bought a scroll of identify for 20 gold pieces
  1389 | D:2      | Bought a scroll of blinking for 75 gold pieces
  1637 | D:3      | Reached skill level 1 in Fighting
  1645 | D:3      | Reached skill level 1 in Armour
  1662 | D:3      | Found Wuepp's Antique Weapon Shop.
  1719 | D:3      | Found Gouc's Book Shoppe.
  1763 | D:3      | Reached XP level 4. HP: 25/25 MP: 0/13
  1773 | D:3      | Reached skill level 6 in Spellcasting
  1773 | D:3      | Reached XP level 5. HP: 24/29 MP: 2/15
  2117 | D:3      | Found a basalt altar of Yredelemnul.
  2291 | D:3      | Noticed Robin
  2312 | D:3      | Reached skill level 1 in Air Magic
  2319 | D:3      | Killed Robin
  2322 | D:3      | Reached skill level 1 in Evocations
  2346 | D:3      | Found a sacrificial altar of Ru.
  2373 | D:3      | Learned a level 5 spell: Irradiate
  2488 | D:3      | Found Kugriq's Distillery.
  2762 | D:3      | Found Russodgh's Antique Armour Shop.
  2773 | D:3      | Found a hazy altar of Hepliaklqana.
  2848 | D:3      | Found a radiant altar of Vehumet.
  2900 | D:3      | Became a worshipper of Vehumet
  3006 | D:4      | Reached skill level 1 in Alchemy
  3379 | D:4      | Reached XP level 6. HP: 34/34 MP: 15/17
  3700 | D:4      | Found a snail-covered altar of Cheibriados.
  4080 | D:4      | Reached * piety under Vehumet
  4080 | D:4      | Offered knowledge of Shock by Vehumet.
  4296 | D:5      | Entered Level 5 of the Dungeon
  4340 | D:5      | Reached skill level 7 in Spellcasting
  4624 | D:5      | Reached XP level 7. HP: 20/39 MP: 20/20
  4739 | D:5      | Found Sagad's Distillery.
  4754 | D:5      | Found a runed translucent door.
  4757 | D:5      | Noticed LobsterGuardian's ghost (novice SpHs)
  5021 | D:5      | Found Vecsulat's Magic Scroll Emporium.
  5437 | D:5      | Reached skill level 8 in Spellcasting
  5519 | D:5      | Found Giliylun's Weapon Shop.
  5835 | D:6      | Noticed Jeremiah
  6070 | D:6      | Found a broken altar of Ashenzari.
  6140 | D:6      | Reached skill level 9 in Spellcasting
  6140 | D:6      | Reached XP level 8. HP: 13/44 MP: 20/23
  6456 | D:6      | Killed Jeremiah
  6457 | D:6      | Reached skill level 10 in Spellcasting
  6457 | D:6      | Reached skill level 5 in Conjurations
  7116 | D:7      | Found Herot's Fire Supplies.
  7133 | D:7      | Identified the ring of Sif Muna's Displeasure {rC+ Will+
                  | Int+3}
  7139 | D:7      | Found a stormy altar of Qazlal.
  7249 | D:7      | Reached XP level 9. HP: 45/49 MP: 25/25
  7273 | D:7      | Identified the beast talisman of Tenacity {Will+}
  7291 | D:7      | Found an iron altar of Okawaru.
  7309 | D:7      | Reached skill level 5 in Alchemy
  7316 | D:7      | Reached ** piety under Vehumet
  7316 | D:7      | Offered knowledge of Freeze by Vehumet.
  7439 | D:7      | Reached skill level 11 in Spellcasting
  7664 | D:7      | Found a staircase to the Ecumenical Temple.
  7786 | D:7      | Found a hide-covered altar of Uskayaw.
  8617 | D:8      | Found the amulet of the Air {Inacc Air Fly rElec RMsl}
  8619 | D:8      | Found a runed translucent gate.
  8619 | D:8      | Found a runed translucent gate.
  8619 | D:8      | Found a runed translucent gate.
  8635 | D:8      | Noticed lunkers's ghost (novice OnGl)
  9136 | D:8      | Found a viscous altar of Jiyva.
  9256 | D:9      | Reached skill level 12 in Spellcasting
  9710 | D:9      | Offered knowledge of Static Discharge by Vehumet.
  9807 | D:9      | Found a sparkling altar of Nemelex Xobeh.
  9828 | D:9      | Found a staircase to the Orcish Mines.
  9840 | D:9      | Reached XP level 10. HP: 56/56 MP: 21/28
  9995 | D:9      | Found an ancient bone altar of Kikubaaqudgha.
 10016 | D:9      | Found a blossoming altar of Fedhas.
 10343 | D:9      | Noticed a necromancer
 10357 | D:9      | Killed a necromancer
 10358 | D:9      | Reached skill level 13 in Spellcasting
 10362 | D:9      | Reached *** piety under Vehumet
 10363 | D:9      | Reached skill level 1 in Shields
 10447 | D:9      | Found an opulent altar of Gozag.
 10561 | D:10     | Entered Level 10 of the Dungeon
 11019 | D:10     | Offered knowledge of Brom's Barrelling Boulder by Vehumet.
 11223 | D:10     | Found a glowing golden altar of the Shining One.
 11346 | D:10     | Reached skill level 14 in Spellcasting
 11429 | D:10     | Found a staircase to the Lair.
 11698 | D:11     | Noticed a gargoyle
 11709 | D:11     | Killed a gargoyle
 12012 | D:11     | Noticed a boulder beetle
 12133 | D:11     | Killed a boulder beetle
 12134 | D:11     | Reached XP level 11. HP: 53/61 MP: 12/31
 12223 | D:11     | Noticed a deep elf pyromancer
 12308 | D:11     | Killed a deep elf pyromancer
 12495 | D:11     | Reached **** piety under Vehumet
 12568 | D:11     | Offered knowledge of Iskenderun's Mystic Blast by Vehumet.
 12969 | D:11     | Reached skill level 15 in Spellcasting
 13181 | D:11     | Noticed Lodul
 13190 | D:11     | Killed Lodul
 13457 | D:12     | Noticed Gastronok
 13591 | D:11     | Killed Gastronok
 13592 | D:11     | Reached skill level 5 in Air Magic
 13601 | D:11     | Gained mutation: Your system is resistant to poisons.
                  | (rPois) [mutagenic glow]
 13674 | D:12     | Noticed a two-headed ogre
 13677 | D:12     | Reached skill level 16 in Spellcasting
 13683 | D:12     | Killed a two-headed ogre
 13703 | D:11     | Gained mutation: You occasionally lose the ability to read
                  | scrolls when taking damage. [mutagenic glow]
 13835 | D:12     | Gained mutation: Your magical capacity is low. (-10% MP)
                  | [mutagenic glow]
 14021 | D:12     | Noticed a boulder beetle
 14033 | D:12     | Killed a boulder beetle
 14034 | D:12     | Reached XP level 12. HP: 64/66 MP: 17/31
 14058 | D:12     | Gained mutation: Armour fits poorly on your strangely
                  | shaped body. [mutagenic glow]
 14064 | D:12     | Noticed a boulder beetle
 14068 | D:12     | Identified the +0 quarterstaff of Ancient Evil {flame, rN+}
 14083 | D:12     | Gained mutation: You sometimes lose the ability to read
                  | scrolls when taking damage. [mutagenic glow]
 14092 | D:11     | Lost mutation: Your magical capacity is low. (-10% MP)
                  | [potion of mutation]
 14092 | D:11     | Lost mutation: You sometimes lose the ability to read
                  | scrolls when taking damage. [potion of mutation]
 14092 | D:11     | Gained mutation: You have a pair of small horns on your
                  | head. [potion of mutation]
 14092 | D:11     | Gained mutation: You occasionally lose the ability to drink
                  | potions when taking damage. [potion of mutation]
 14094 | D:11     | Lost mutation: You occasionally lose the ability to drink
                  | potions when taking damage. [potion of mutation]
 14094 | D:11     | Lost mutation: Armour fits poorly on your strangely shaped
                  | body. [potion of mutation]
 14094 | D:11     | Lost mutation: Your system is resistant to poisons. (rPois)
                  | [potion of mutation]
 14094 | D:11     | Gained mutation: Your spells are a little harder to cast,
                  | but a little more powerful. [potion of mutation]
 14094 | D:11     | Gained mutation: Your magical capacity is low. (-10% MP)
                  | [potion of mutation]
 14094 | D:11     | Gained mutation: You have very sharp teeth. [potion of
                  | mutation]
 14095 | D:11     | Lost mutation: You have very sharp teeth. [potion of
                  | mutation]
 14095 | D:11     | Lost mutation: Your spells are a little harder to cast, but
                  | a little more powerful. [potion of mutation]
 14095 | D:11     | Gained mutation: Potions are less effective at restoring
                  | your health. [potion of mutation]
 14096 | D:11     | Lost mutation: You have a pair of small horns on your head.
                  | [potion of mutation]
 14096 | D:11     | Lost mutation: You occasionally lose the ability to read
                  | scrolls when taking damage. [potion of mutation]
 14096 | D:11     | Gained mutation: You sometimes lose your temper in combat.
                  | [potion of mutation]
 14096 | D:11     | Gained mutation: You have supernaturally acute eyesight.
                  | (SInv) [potion of mutation]
 14271 | D:3      | Bought a potion of mutation for 80 gold pieces
 14272 | D:3      | Lost mutation: You have supernaturally acute eyesight.
                  | (SInv) [potion of mutation]
 14272 | D:3      | Lost mutation: You sometimes lose your temper in combat.
                  | [potion of mutation]
 14272 | D:3      | Gained mutation: You are frail. (-10% HP) [potion of
                  | mutation]
 14272 | D:3      | Gained mutation: You are somewhat resistant to further
                  | mutation. [potion of mutation]
 14378 | D:5      | Killed LobsterGuardian's ghost
 14656 | D:12     | Killed a boulder beetle
 14909 | D:12     | Noticed a two-headed ogre
 14923 | D:12     | Reached skill level 10 in Conjurations
 14924 | D:12     | Killed a two-headed ogre
 15038 | D:12     | Reached skill level 17 in Spellcasting
 15153 | D:12     | Gained mutation: Your magical capacity is very low. (-20%
                  | MP) [mutagenic glow]
 15291 | D:12     | Found the +8 whip "Snakebite" {venom, curare, rPois}
 15494 | D:11     | Lost mutation: You are somewhat resistant to further
                  | mutation. [mutagenic glow]
 15883 | D:13     | Found a transporter.
 15888 | D:13     | Found Volimm's Jewellery Shoppe.
 15917 | D:13     | Reached skill level 5 in Armour
 15945 | D:13     | Noticed a five-headed hydra
 15988 | D:13     | Noticed a catoblepas
 16211 | D:12     | HP: 1/59 [something (12)]
 16211 | D:12     | Slain by an unseen horror

Illustrated notes

Levels and vault maps discovered:
D:1:      saegor_arrival_simple_b, layout_rooms,
          shapermc_ecumenical_altar_pompeii
D:2:      layout_basic, serial_shops, nicolae_shop_pleasant_corner_grove
D:3:      layout_basic, lemuel_round_altar, nicolae_hepliaklqana_hazy_memory,
          lemuel_tele_altar, nicolae_yredelemnul_corpse_copse, serial_shops,
          nicolae_shop_hallway_plus, nicolae_shop_pleasant_corner_grove,
          nicolae_shop_tiny_real_fake_doors, shop, uniq_robin
D:4:      layout_layer_cave, slow_altar_1, eino_small_chamber_without_monster
D:5:      lemuel_ice_spiral_2, layout_basic, ebering_ghost_inner_flame,
          serial_shops, kennysheep_mini_moat, kennysheep_mini, shop, minmay_bent
D:6:      layout_loops_ring, nicolae_ashenzari_skybound,
          corexii_leaking_fountain, chequers_serial_rivers_micro_c,
          uniq_jeremiah
D:7:      layout_rooms, mainiacjoe_overflow_paths,
          nicolae_qazlal_general_emergency, lemuel_coloured_pillars_altar,
          minmay_temple_entry_trees, nicolae_shop_fire_sale
          [nicolae_sub_dead_trees]
D:8:      layout_basic, gammafunk_ghost_ooze, minivault_26
D:9:      layout_layer_cave, mainiacjoe_overflow_surrounded_room,
          nicolae_overflow_crystal_walls, fedhas_ov_isle_minmay,
          nicolae_gozag_cash_rules_everything_around_me, eino_house_with_fridge
D:10:     layout_basic, lemuel_crystal_altar, erik_lair_island
D:11:     layout_roguey, chequers_serial_rivers_micro_c,
          dilly_guarded_unrand_elemental_staff, uniq_lodul
D:12:     nzn_winding_woodlands_three_and_one
          [nzn_winding_woodlands_5x15_default,
          nzn_winding_woodlands_5x15_split_checker,
          nzn_winding_woodlands_5x15_sidewinder,
          nzn_winding_woodlands_center_pierced_h], layout_cave_pools,
          dk_noncrumbling_3, onia_ninara_cookie, uniq_gastronok
D:13:     layout_rooms, serial_shops, nicolae_shop_drivethru

Skill      XL: |  1  2  3  4  5  6  7  8  9 10 11 12 |
---------------+-------------------------------------+-----
Spellcasting   | 5 6 7 9 10 12 14 16 17 | 17.8
Fighting       | 1 2 3 4 |  4.2
Armour         | 1 2 3 4 5 |  5.0
Conjurations   | 2 3 4 5 7 8 9 10 | 10.6
Stealth        | 3 |  3.0
Dodging        | 3 |  3.0
Air Magic      | 1 3 6 7 |  7.4
Evocations     | 1 |  1.0
Alchemy        | 1 2 3 4 6 7 |  7.0
Shields        | 3 4 |  4.0
Summonings     | |  1.1
Translocations | |  1.1

Action                     |  1- 3 |  4- 6 |  7- 9 | 10-12 || total
---------------------------+-------+-------+-------+-------++-------
  Melee: Dagger            |     3 |       |       |       ||     3
         Hand axe          |    16 |    86 |   101 |    64 ||   267
         Punch             |     2 |     5 |     9 |    15 ||    31
         Staff             |       |       |       |    70 ||    70
   Cast: Magic Dart        |    90 |   110 |   224 |   107 ||   531
         Mephitic Cloud    |     3 |    10 |    28 |    49 ||    90
         Call Imp          |       |     2 |    10 |     3 ||    15
         Blink             |       |       |     4 |     7 ||    11
         Irradiate         |       |       |    12 |   103 ||   115
Ability: Evoke Blink       |     1 |       |       |       ||     1
  Evoke: Wand              |       |       |       |     6 ||     6
    Use: Potion            |       |       |       |     6 ||     6
         Scroll            |       |       |       |     5 ||     5
   Stab: Confused          |     3 |     8 |     7 |    17 ||    35
         Sleeping          |       |     1 |       |       ||     1
 Armour: Robe              |    12 |    53 |    67 |    46 ||   178
         Acid dragon scale |       |       |       |   197 ||   197
  Dodge: Dodged            |    21 |    91 |    83 |   148 ||   343
         Repelled          |       |       |       |     4 ||     4

Table legend: (Time is in decaauts)
 A = Elapsed time spent in this place.
 B = Non-inter-level travel time spent in this place.
 C = Inter-level travel time spent in this place.
 D = Time resting spent in this place.
 E = Time spent auto-exploring this place.
 F = Levels seen in this place.
 G = Mean time per level.
                   A        B        C        D        E       F      G
               +--------+--------+--------+--------+--------+-----+--------+
         Total |  16325 |  15114 |   1211 |   1810 |  10571 |  13 | 1255.8 |
       Dungeon |  16325 |  15114 |   1211 |   1810 |  10571 |  13 | 1255.8 |
               +--------+--------+--------+--------+--------+-----+--------+

Top non-repeatable levels by time:
    D:11: 2588 daAuts
     D:5: 1649 daAuts
     D:9: 1625 daAuts
     D:8: 1547 daAuts
     D:4: 1542 daAuts
     D:6: 1350 daAuts
     D:3: 1342 daAuts
    D:10: 1095 daAuts
    D:12: 940 daAuts
     D:7: 892 daAuts
     D:2: 852 daAuts
     D:1: 781 daAuts
    D:13: 117 daAuts
